 Dungeon Crawl Stone Soup version 0.27.1 (webtiles) character file.

Game seed: 16199535384378959496

112 Descartes the Skirmisher (level 5, 0/42 HPs)
             Began as a Formicid Chaos Knight on Sept 4, 2021.
             Was a Plaything of Xom.
             Slain by an ogre (15 damage)
             ... on level 3 of the Dungeon.
             The game lasted 00:05:23 (1838 turns).

Descartes the Skirmisher (Formicid Chaos Knight)    Turns: 1838, Time: 00:05:24

Health: 0/42       AC: 10    Str: 17    XL:     5   Next: 16%
Magic:  5/5        EV:  7    Int: 12    God:    Xom [....*.]
Gold:   117        SH:  0    Dex: 10    Spells: 4/4 levels left

rFire    . . .     SeeInvis +   a - +0 hand axe (chaos)
rCold    . . .     Faith    .   (no shield)
rNeg     . . .     Spirit   .   q - +0 chain mail
rPois    .         Reflect  .   (helmet unavailable)
rElec    .         Harm     .   i - +0 cloak
rCorr    .         Rampage  .   (no gloves)
Will     .....                  (no boots)
Stlth    ..........             (no amulet)
HPRegen  0.14/turn              (no ring)
MPRegen  0.09/turn              (no ring)

@: no status effects
A: permanent stasis, dig shafts and tunnels, antennae 3, four strong arms
a: Dig, Shaft Self, Renounce Religion


You were on level 3 of the Dungeon.
You worshipped Xom.
You were a beloved toy of Xom.
You visited 1 branch of the dungeon, and saw 3 of its levels.

You collected 117 gold pieces.

Inventory:

Hand Weapons
 a - a +0 hand axe of chaos (weapon)
 h - a +1 dagger of protection
Missiles
 g - 25 stones
 k - 20 bolts
Armour
 i - a +0 cloak (worn)
 q - a +0 chain mail (worn)
Scrolls
 b - a scroll of acquirement {unknown}
 c - 3 scrolls of identify {unknown}
 l - 2 scrolls of amnesia {unknown}
 n - a scroll of noise {unknown}
 o - a scroll of summoning {unknown}
Potions
 d - a potion of berserk rage {unknown}
 e - 3 potions of degeneration {unknown}
 f - a potion of ambrosia {unknown}
 j - a potion of curing {unknown}
 m - a potion of might {unknown}
 p - a potion of flight {unknown}
 r - a potion of brilliance {unknown}


   Skills:
 + Level 4.1 Fighting
 + Level 3.7 Axes
 + Level 3.3 Armour
 + Level 2.1 Dodging


You had 4 spell levels left.
You didn't know any spells.
Your spell library was empty.

Dungeon Overview and Level Annotations

Branches:
Dungeon (3/15)

Altars:

Shops:
D:1 :


Innate Abilities, Weirdness & Mutations

You cannot be hasted, slowed, berserked, paralysed or teleported.
You can dig through walls and to a lower floor.
You have a pair of large antennae on your head. (SInv)
Your four strong arms can wield two-handed weapons with a shield.


Message History

You kill the hobgoblin!
A hobgoblin comes into view.
You see here a scroll labelled TUPERUEGRI.
The ball python hisses angrily.
You barely miss the ogre.
You are now a beloved toy of Xom.
The ogre closely misses you.
You barely miss the ogre.
The ogre hits you with a +0 giant spiked club.
The ball python bites you but does no damage.
The ball python grabs you. The ball python constricts you.
You hit the ball python.
The ball python is severely wounded.
You completely miss the ogre. The ball python barely misses you.
The ball python constricts you.
The ogre hits you with a +0 giant spiked club!
You hit the ball python.
You kill the ball python!
You hit the ogre. You burn the ogre. You hit the ogre.
Space bends around the ogre.
The ogre is moderately wounded.
The ogre barely misses you.
You slash the ogre!
The ogre is heavily wounded.
You closely miss the hobgoblin. The ogre hits you but does no damage.
The hobgoblin closely misses you.
Your chain mail prevents you from hitting the ogre.
The ogre is heavily wounded.
You hit the hobgoblin.
Space bends around the hobgoblin.
You kill the hobgoblin!
The ogre hits you with a +0 giant spiked club!
A shower of butterflies erupts from you!
You are too injured to fight recklessly!
You are too injured to fight recklessly!
Unknown command.
You hit the ogre.
The ogre is severely wounded.
The ogre hits you with a +0 giant spiked club!
You die...
Xom chortles!

#.##.# #
#.<#.##.###.. .
#........#.. .#
#..........##.##
#..............
#......#b....#
...##.>..b....# ##
..####..##Ob...###...
.... ...##@b.......).
.<. ...###.#........
.. .## #.?........
#.†b.......
..............##.
.#..##.......## ..
.........#
..>#.#.##....
...##.#.. #.#.#


You could see an ogre (ally target).

Vanquished Creatures
  A scorpion (D:3)
  An adder (D:2)
  A worm (D:2)
  A dart slug (D:1)
  3 endoplasms
  A giant cockroach (D:1)
  5 goblins
  6 hobgoblins
  A quokka (D:1)
  8 ball pythons
  3 bats
  3 frilled lizards
  4 kobolds (D:1)
  3 rats
41 creatures vanquished.

Vanquished Creatures (others)
  2 plants (D:2)
2 creatures vanquished.

Grand Total: 43 creatures vanquished

Notes
Turn   | Place    | Note
-------+----------+-------------------------------------------
     0 | D:1      | Descartes the Formicid Chaos Knight began the quest for the
                  | Orb.
     0 | D:1      | Reached XP level 1. HP: 18/18 MP: 1/1
    14 | D:1      | Reached skill level 1 in Dodging
    34 | D:1      | XOM: divination: magic mapping
    48 | D:1      | Reached XP level 2. HP: 24/24 MP: 2/2
   223 | D:1      | XOM is BORED!
   223 | D:1      | XOM: silly message
   298 | D:1      | Found Zumedgh's Book Shoppe.
   450 | D:1      | XOM: silly message
   478 | D:1      | Reached XP level 3. HP: 29/29 MP: 3/3
   549 | D:1      | Found a faded altar of an unknown god.
   621 | D:1      | XOM: silly message
   817 | D:2      | XOM: silly message
   943 | D:2      | XOM: silly message
  1017 | D:2      | XOM: divination: magic mapping
  1161 | D:2      | Reached XP level 4. HP: 30/37 MP: 4/4
  1171 | D:2      | XOM: divination: detect items
  1460 | D:2      | XOM: silly message
  1590 | D:2      | XOM: silly message
  1601 | D:3      | Noticed a scorpion
  1602 | D:3      | Noticed an ogre
  1605 | D:3      | Killed a scorpion
  1606 | D:3      | Reached skill level 4 in Fighting
  1606 | D:3      | Reached XP level 5. HP: 32/42 MP: 5/5
  1813 | D:2      | XOM: god gift: 12 gold pieces
  1837 | D:3      | XOM: butterfly on damage
  1838 | D:3      | Slain by an ogre

Illustrated notes

Levels and vault maps discovered:
D:1:      onia_arrival_pentagram, layout_basic, serial_shops, shop_statue,
          basic_ecumenical_altar, chequers_serial_rivers_large_b
D:2:      layout_basic, serial_bayou_ford_a
D:3:      layout_rooms, pf_just_have_faith, serial_shops, shop, shop,
          kennysheep_generic_room_13, uniq_ijyb, uniq_robin

Skill      XL: |  1  2  3  4 |
---------------+-------------+-----
Dodging        | 1 2 |  2.1
Fighting       | 4 |  4.1
Armour         | 3 |  3.3
Axes           | |  3.7

Action                   |  1- 3 |  4- 6 || total
-------------------------+-------+-------++-------
Melee: Hand axe          |    93 |    19 ||   112
 Abil: Dig               |     2 |       ||     2
 Stab: Confused          |     1 |       ||     1
Armor: Leather armour    |    20 |       ||    20
       Chain mail        |    23 |    12 ||    35
Dodge: Dodged            |    52 |    12 ||    64
